 Seeded DCSS version 0.29.0-7-g18a832c13a (webtiles) character file.

Game seed: 8008999558029266559 (custom seed)

1530 flotson the Trooper (level 8, 0/62 HPs)
             Began as a Demonspawn Delver on Aug 31, 2022.
             Was an Initiate of Gozag.
             Slain by an orc warrior
             ... wielding a +0 short sword
              (13 damage)
             ... on level 7 of the Dungeon.
             The game lasted 00:11:30 (6875 turns).

flotson the Trooper (Demonspawn Delver)             Turns: 6875, Time: 00:11:31

Health: 0/62       AC:  9    Str: 15    XL:     8   Next: 55%
Magic:  8/8        EV: 12    Int: 11    God:    Gozag
Gold:   426        SH:  6    Dex: 15    Spells: 7/7 levels left

rFire   . . .      SeeInvis .   F - +4 quarterstaff (chaos)
rCold   . . .      Faith    .   (shield currently unavailable)
rNeg    . . .      Spirit   .   m - +0 ring mail
rPois   +          Reflect  .   (helmet restricted)
rElec   .          Harm     .   E - +2 cloak {Stlth+}
rCorr   +          Rampage  .   (no gloves)
Will    .....                   (no boots)
Stlth   +++.......              x - amulet of regeneration
HPRegen 1.00/turn               i - ring of resist corrosion
MPRegen 0.11/turn               o - ring of poison resistance

@: mighty
A: horns 2, large bone plates 2
a: Renounce Religion, Potion Petition, Call Merchant, Bribe Branch


You were on level 7 of the Dungeon.
You worshipped Gozag.
Gozag was aware of your devotion.
You visited 2 branches of the dungeon, and saw 8 of its levels.

You collected 614 gold pieces.
You spent 101 gold pieces at shops.
You paid 87 gold pieces to Gozag.

Inventory:

Hand Weapons
 a - a -1 demon trident
 b - a -1 hand crossbow
 F - a +4 quarterstaff of chaos (weapon)
Missiles
 B - 5 poisoned darts (quivered)
 C - a throwing net
Armour
 m - a +0 ring mail (worn)
 D - a +1 cloak
 E - a +2 cloak of stealth (worn)
 K - a +0 buckler
Jewellery
 i - a ring of resist corrosion (left hand)
 o - a ring of poison resistance (right hand)
 w - a ring of see invisible
 x - an amulet of regeneration (around neck)
Wands
 g - a wand of digging (2)
 I - a wand of mindburst (6)
 J - a wand of paralysis (9)
Scrolls
 c - 3 scrolls of fog
 d - a scroll of torment {unknown}
 e - 2 scrolls of fear
 f - 2 scrolls of magic mapping
 h - 2 scrolls of blinking {unknown}
 l - a scroll of teleportation {unknown}
 p - 3 scrolls of acquirement {unknown}
 q - a scroll of vulnerability {unknown}
 r - 2 scrolls of noise {unknown}
 s - 5 scrolls of identify {unknown}
 y - a scroll of poison {unknown}
 z - 3 scrolls of enchant armour {unknown}
 A - 2 scrolls of amnesia {unknown}
 H - a scroll of summoning {unknown}
Potions
 j - 2 potions of attraction {unknown}
 k - 2 potions of heal wounds {unknown}
 n - a potion of lignification {unknown}
 t - a potion of flight {unknown}
 u - 2 potions of might
 v - 2 potions of curing
 G - a potion of berserk rage {unknown}


   Skills:
 + Level 5.3 Fighting
 - Level 1.7(3.0) Axes
 + Level 3.8(4.0) Polearms
 + Level 3.6 Throwing
 + Level 3.7 Armour
 + Level 4.3 Dodging
 - Level 4.5 Stealth
 + Level 4.0 Evocations


You had 7 spell levels left.
You didn't know any spells.
Your spell library contained the following spells:

 Spells                   Type           Power      Damage    Failure   Level
 Slow                     Hex            0%         N/A       54%         1
 Ensorcelled Hibernation  Hex/Ice        0%         N/A       69%         2
 Confusing Touch          Hex            0%         N/A       89%         3
 Spider Form              Tmut/Pois      0%         N/A       89%         3
 Vampiric Draining        Necr           0%         2d6       89%         3
 Anguish                  Hex/Necr       0%         N/A       100%        4


Dungeon Overview and Level Annotations

Branches:
Dungeon (7/15)             Temple (1/1) D:4

Altars:
Ashenzari
Dithmenos
Fedhas
Gozag
Kikubaaqudgha
Okawaru
Ru
Sif Muna
Trog
Vehumet

Shops:
D:4 *

Annotations:
D:7 Menkaure


Innate Abilities, Weirdness & Mutations

You have a pair of horns on your head.
You are mostly covered in large bone plates. (SH +6)


Message History

You hit the orc warrior but do no damage.
You headbutt the orc warrior, but do no damage.
The orc warrior is moderately wounded.
You block the orc warrior's attack.
You hit the orc warrior but do no damage.
You headbutt the orc warrior, but do no damage.
The orc warrior is moderately wounded.
You block the orc warrior's attack.
You sock the orc warrior! You freeze the orc warrior.
Your headbutt misses the orc warrior.
The orc warrior is heavily wounded.
The orc warrior closely misses you.
You closely miss the orc warrior. You headbutt the orc warrior.
The orc warrior is heavily wounded.
The orc warrior closely misses you.
You hit the orc warrior but do no damage.
The orc warrior flickers and vanishes!
Deactivating autopickup; reactivate with Ctrl-A.
No target in view!
No target in view!
No target in view!
No target in view!
No target in view!
No target in view!
No target in view!
You hit something. You freeze something. Something hits you but does no damage.
You miss something. Something hits you.
You miss something. You headbutt something. Something hits you.
You hit something but do no damage. Your headbutt misses something.
Something hits you!
You hit something but do no damage. Something hits you! x2
* * * LOW HITPOINT WARNING * * *
You hit something. Something barely misses you. Something hits you.
* * * LOW HITPOINT WARNING * * *
It was a potion of might.
You feel very mighty all of a sudden. Something hits you!
You die...
Your body crumbles into a pile of gold.

.......##.......#.#.###
.....########...#####
...###......#####
.###...####...###
#.^.~### ###...###
....## ##....## ~..## $
##..~.## .~## ##~...#
.)# #@..≈# ~.# #.~~.#
.~# #≈...# .~# #~...#
~.# #.~~.# $.# #$$.≈#
.≈. $ $ #~...# ~..#
..≈.## .... ....##


There were no monsters in sight!

Vanquished Creatures
  2 water moccasins
  An orc warrior (D:6)
  2 black bears
  A phantom (D:5)
  A gnoll sergeant (D:7)
  A bullfrog (D:6)
  2 scorpions
  A howler monkey (D:6)
  A crimson imp (D:6)
  A jelly (D:4)
  A hound (D:5)
  4 orc priests
  Crazy Yiuf (D:2)
  2 iguanas
  7 orc wizards
  Ijyb (D:2)
  6 gnolls
  3 adders
  A white imp (D:7)
  3 worms
  4 dart slugs
  10 orcs
  8 bats
  9 endoplasms
  3 giant cockroaches
  11 goblins
  3 hobgoblins
  3 jackals (D:3)
  3 quokkas
  5 ball pythons
  11 frilled lizards
  4 kobolds
  A rat (D:1)
117 creatures vanquished.

Vanquished Creatures (others)
  An orc (D:6)
1 creature vanquished.

Grand Total: 118 creatures vanquished

Notes
Turn   | Place    | Note
-------+----------+-------------------------------------------
     0 | D:5      | flotson the Demonspawn Delver began the quest for the Orb.
     0 | D:5      | Reached XP level 1. HP: 18/18 MP: 1/1
     8 | D:5      | Found a broken altar of Ashenzari.
     9 | D:5      | Found a radiant altar of Vehumet.
     9 | D:5      | Noticed an orc wizard
   254 | D:4      | Noticed a scorpion
   349 | D:2      | Found a faded altar of an unknown god.
   725 | D:1      | Gained mutation: You have a pair of small horns on your
                  | head. [demonic ancestry]
   725 | D:1      | Reached XP level 2. HP: 15/24 MP: 2/2
  1912 | D:1      | Reached XP level 3. HP: 29/29 MP: 3/3
  2133 | D:2      | Noticed Ijyb
  2140 | D:2      | Reached skill level 1 in Polearms
  2141 | D:2      | Reached skill level 1 in Evocations
  2395 | D:2      | Reached skill level 1 in Armour
  2674 | D:2      | Killed Ijyb
  2944 | D:2      | Gained mutation: You are partially covered in large bone
                  | plates. (SH +4) [demonic ancestry]
  2944 | D:2      | Reached XP level 4. HP: 34/35 MP: 4/4
  3155 | D:2      | Found a runed translucent door.
  3156 | D:2      | Noticed Crazy Yiuf
  3601 | D:3      | Reached skill level 1 in Throwing
  4294 | D:4      | Killed a scorpion
  4295 | D:4      | Reached XP level 5. HP: 31/42 MP: 5/5
  4527 | D:4      | Found Raping's Lightly-Used Armoury.
  4540 | D:4      | Bought a -1 demon trident for 100 gold pieces
  4540 | D:4      | Bought a -1 hand crossbow for 1 gold piece
  4572 | D:4      | Found a staircase to the Ecumenical Temple.
  4581 | Temple   | Entered the Ecumenical Temple
  4607 | Temple   | Became a worshipper of Gozag Ym Sagoz the Greedy
  4728 | D:4      | Reached XP level 6. HP: 33/48 MP: 6/6
  4858 | D:4      | Reached skill level 4 in Fighting
  5258 | D:2      | Killed Crazy Yiuf
  5509 | D:5      | Gained mutation: You have a pair of horns on your head.
                  | [demonic ancestry]
  5509 | D:5      | Reached XP level 7. HP: 54/54 MP: 7/7
  6004 | D:6      | Found a shimmering blue altar of Sif Muna.
  6096 | D:6      | Gained mutation: You are mostly covered in large bone
                  | plates. (SH +6) [demonic ancestry]
  6096 | D:6      | Reached XP level 8. HP: 33/61 MP: 8/8
  6359 | D:6      | Reached skill level 5 in Fighting
  6624 | D:6      | Noticed a deep elf zephyrmancer
  6807 | D:7      | Noticed Menkaure
  6875 | D:7      | Slain by an orc warrior

Illustrated notes

Levels and vault maps discovered:
D:1:      amcnicky_arrival_choice, layout_loops_corners
D:2:      kennysheep_the_goblin_king, layout_basic,
          nicolae_ecumenical_oubliette, minmay_lizard_pond,
          uniq_crazy_yiuf_cottage
D:3:      layout_loops_ring, cheibrodos_sewer_entry_bend, hex_large,
          nrook_mini_backslash, st_stairs_13
D:4:      layout_layer_cave, mainiacjoe_overflow_alcove_4,
          minmay_temple_entry_statues_pillars, minmay_shop_damaged,
          hangedman_decor_peaks_small
D:5:      layout_basic, jmf_multi_god_temple
D:6:      layout_loops_ring, nicolae_sif_muna_condensation,
          guppyfry_early_elven_hall
D:7:      layout_cave_pools, nzn_random_ring, uniq_menkaure, uniq_maggie,
          uniq_prince_ribbit1
Temple:   regret_index_temple_sphere_string

Skill      XL: |  1  2  3  4  5  6  7  8 |
---------------+-------------------------+-----
Dodging        | 2 3 4 |  4.3
Polearms       | 1 2 3 |  3.8
Evocations     | 1 2 3 4 |  4.0
Armour         | 1 2 3 |  3.7
Throwing       | 1 2 3 |  3.6
Fighting       | 4 5 |  5.3
Axes           | |  1.7
Stealth        | |  4.5

Action                   |  1- 3 |  4- 6 |  7- 9 || total
-------------------------+-------+-------+-------++-------
Melee: Hand axe          |   118 |   107 |       ||   225
       Headbutt          |     8 |    27 |    23 ||    58
       Punch             |     2 |     2 |       ||     4
       Unarmed           |    17 |       |       ||    17
       Demon trident     |       |    48 |       ||    48
       Quarterstaff      |       |    14 |   127 ||   141
Throw: Dart              |     8 |    14 |     6 ||    28
       Throwing net      |       |     1 |       ||     1
Evoke: Wand              |       |     1 |       ||     1
  Use: Potion            |     1 |       |     1 ||     2
       Scroll            |     1 |       |       ||     1
 Stab: Sleeping          |    10 |    10 |     1 ||    21
Armor: Leather armour    |    25 |       |       ||    25
       Skin              |    38 |       |       ||    38
       Ring mail         |     2 |    33 |    40 ||    75
Dodge: Dodged            |    83 |    70 |    53 ||   206
Block: Other             |       |    33 |    33 ||    66
